 Dungeon Crawl Stone Soup version 0.21-a0-634-gaf8bc5d (webtiles) character file.

78 Moebius the Ruffian (level 4, -2/35 HPs)
             Began as a Draconian Transmuter on Dec 29, 2017.
             Slain by a gnoll
             ... wielding a +0 flail
              (4 damage)
             ... on level 2 of the Dungeon.
             The game lasted 00:07:48 (1321 turns).

Moebius the Ruffian (Draconian Transmuter)          Turns: 1321, Time: 00:07:49

Health: -2/35      AC:  6    Str: 13    XL:     4   Next: 15%
Magic:  2/7        EV: 12    Int: 14    God:
Gold:   76         SH:  0    Dex: 16    Spells: 5/8 levels left

rFire    . . .     SeeInvis .     - Unarmed
rCold    . . .     Gourm    .   (no shield)
rNeg     . . .     Faith    .   (armour unavailable)
rPois    .         Spirit   .   (helmet restricted)
rElec    .         Reflect  .   (no cloak)
rCorr    .         Harm     .   (no gloves)
MR       .....                  k - +0 pair of boots
Stlth    +.........             (no amulet)
HPRegen  0.11/turn              n - +5 ring of dexterity
MPRegen  0.10/turn              (no ring)

@: very slightly contaminated
A: unfitting armour, cold-blooded, AC +5
a: no special abilities


You were on level 2 of the Dungeon.
You were not hungry.

You visited 1 branch of the dungeon, and saw 3 of its levels.

You collected 76 gold pieces.

Inventory:

Hand Weapons
 d - a +0 club
 h - a +0 dagger
 i - a +1 dagger of distortion
 m - a +0 hunting sling
Missiles
 a - 12 arrows
 e - 33 sling bullets
 g - 96 stones (quivered)
Armour
 k - a +0 pair of boots (worn)
Jewellery
 n - a +5 ring of dexterity (left hand)
Scrolls
 f - 4 scrolls of identify {unknown}
 j - a scroll of magic mapping {unknown}
Books
 b - a book of Changes

   Spells                             Type                      Level
   a - Beastly Appendage              Transmutation                1
   b - Sticks to Snakes               Transmutation                2
   c - Spider Form                    Transmutation/Poison         3
   d - Ice Form                       Ice/Transmutation            4
   e - Blade Hands                    Transmutation                5
Comestibles
 c - 6 rations
 l - 2 chunks of flesh


   Skills:
 + Level 1.2 Fighting
 + Level 0.2 Slings
 - Level 1.7 Dodging
 + Level 4.3 Unarmed Combat
 + Level 2.5 Spellcasting
 + Level 2.4 Transmutations


You had 5 spell levels left.
You knew the following spells:

 Your Spells              Type           Power        Failure   Level  Hunger
a - Beastly Appendage     Tmut           #.....       9%          1    #......
b - Sticks to Snakes      Tmut           #.......     12%         2    ###....


Dungeon Overview and Level Annotations

Branches:
Dungeon (3/15)

Altars:
Ashenzari


Innate Abilities, Weirdness & Mutations

Your plain brown scales are hard. (AC +5)
You cannot fit into any form of body armour.
You are cold-blooded and may be slowed by cold attacks.


Message History

You have reached level 4!
You feel stronger. The gnoll barely misses you. The gnoll barely misses you.
You closely miss the gnoll. Your headbutt misses the gnoll.
You tail-slap the gnoll, but do no damage.
The gnoll hits you with a spear!
You are too injured to fight recklessly!
You are too injured to fight recklessly!
You are too injured to fight recklessly!
You are too injured to fight recklessly!
You punch the gnoll! You headbutt the gnoll!
You kill the gnoll!
You hit the gnoll but do no damage. The gnoll hits you with a flail!
* * * LOW HITPOINT WARNING * * *
You hit the gnoll. You headbutt the gnoll.
The gnoll is severely wounded.
Your horns disappear.
The gnoll hits you with a flail.
You die...

######.#####..#
#.#......#.......
#.#......#
#.#......#.......
#.#.###..#
#.#......#....... #.#
.... #.#......#.......
#.# ##..##†# ...#.......
#.# #..##.# #.##.......
.. #..##.# #.##.......
##.##..##.# #.##.......
(.?(.(gg@.# ###.##.......
(#.##..#### #....#.......
...... #.#..#.......
....###.#####.#..########
### #.#..<#.#..#
#...###.#..# #...#...#..#
#...#.###..#
#####..÷#.###..######


You could see 2 gnolls.

Vanquished Creatures
  2 gnolls (D:2)
  3 adders (D:2)
  An ooze (D:1)
  A giant cockroach (D:1)
  5 goblins
  A hobgoblin (D:2)
  6 kobolds
  3 bats
  2 frilled lizards (D:2)
  4 rats
28 creatures vanquished.

Notes
Turn   | Place    | Note
-------+----------+-------------------------------------------
     0 | D:1      | Moebius the Draconian Transmuter began the quest for the Orb.
     0 | D:1      | Reached XP level 1. HP: 16/16 MP: 3/3
   278 | D:1      | Found a shattered altar of Ashenzari.
   411 | D:1      | Reached XP level 2. HP: 23/23 MP: 3/5
   431 | D:1      | Learned a level 2 spell: Sticks to Snakes
  1073 | D:2      | Reached XP level 3. HP: 23/28 MP: 4/6
  1120 | D:2      | Reached skill level 4 in Unarmed Combat
  1316 | D:2      | Reached XP level 4. HP: 23/35 MP: 1/7
  1321 | D:2      | Slain by a gnoll

Vault maps used:
D:1:      dpeg_arrival_stonehenge_8_columns, serial_bayou_pond_e,
          nicolae_ashenzari_panopticon
D:2:      first_ration
D:3:      lemuel_coloured_pillars_altar

Skill      XL: |  1  2  3 |
---------------+----------+-----
Unarmed Combat | 4 |  4.3
Fighting       | |  1.2
Slings         | |  0.2
Dodging        | |  1.7
Spellcasting   | |  2.5
Transmutations | |  2.4

Action                   |  1- 3 |  4- 6 || total
-------------------------+-------+-------++-------
Melee: Unarmed           |    97 |     4 ||   101
       Headbutt          |     8 |     2 ||    10
       Kick              |     3 |       ||     3
       Tailslap          |     3 |     1 ||     4
       Punch             |     1 |       ||     1
 Fire: Hunting sling     |     6 |       ||     6
Throw: Stone             |     6 |       ||     6
 Cast: Beastly Appendage |    13 |       ||    13
  Eat: Chunk             |     2 |       ||     2
Armor: Skin              |    33 |       ||    33
Dodge: Dodged            |    71 |     2 ||    73

Table legend:
 A = Spawn XP
 B = Non-spawn XP
 C = Spawn XP percentage of total XP
 D = Spawn monster count
 E = Non-spawn monster count
 F = Spawn count percentage of total count
 G = Total turns spent on level
                    A         B        C        D         E        F      G
               +---------+---------+-------+---------+---------+-------+---------
         Total |       0 |     112 |   0.0 |       0 |      28 |   0.0 |  1321
               +---------+---------+-------+---------+---------+-------+---------
           D:1 |       0 |      24 |   0.0 |       0 |      11 |   0.0 |   902
           D:2 |       0 |      88 |   0.0 |       0 |      17 |   0.0 |   415
               +---------+---------+-------+---------+---------+-------+---------
